 Dungeon Crawl Stone Soup version 0.26-a0-639-g72c4674329 (webtiles) character file.

Game seed: 6782087576311236341

347657 Flugslaktarn the Warrior (level 20, -53/187 HPs)
             Began as a Deep Dwarf Fighter on Sept 29, 2020.
             Was the Champion of Makhleb.
             Killed from afar by an orb of fire (66 damage)
             ... with a fireball
             ... on level 5 of the Realm of Zot.
             The game lasted 00:21:30 (23783 turns).

Flugslaktarn the Warrior (Deep Dwarf Fighter)      Turns: 23783, Time: 00:21:31

Health: -53/187    AC: 36    Str: 29      XL:     20   Next: 85%
Magic:  3/3        EV: 32    Int: 10      God:    Makhleb [******]
Gold:   4312       SH: 15    Dex: 12 (13) Spells: 19/19 levels left

rFire    . . .     SeeInvis .   P - +4 war axe (elec)
rCold    . . .     Faith    .   G - +0 kite shield
rNeg     + + .     Spirit   .   E - +8 plate armour of the Mind {rN+ MR+ Str+2 Slay+2}
rPois    +         Reflect  .   (no helmet)
rElec    .         Harm     .   j - +0 cloak
rCorr    .         Rampage  .   N - +4 pair of gloves of Honesty {MR+}
MR       +++++     Rnd*Rage +   Q - +2 pair of boots
Stlth    ..........             A - amulet of the acrobat
HPRegen  0.00/turn              v - +4 ring of evasion
MPRegen  0.08/turn              o - ring of poison resistance

@: about to teleport, silence (expiring), marked, acrobat, non-regenerating,
hasted, very quick
A: damage resistance, heal wounds, berserk 1, blurry vision 2, deterioration 1,
frail 1, negative energy resistance 1, sense surroundings 3, screaming 3, no
regeneration
}: 3/15 runes: decaying, serpentine, abyssal
a: Heal Wounds, Renounce Religion


You were on level 5 of the Realm of Zot.
You worshipped Makhleb.
Makhleb was exalted by your worship.
You visited 8 branches of the dungeon, and saw 40 of its levels.
You visited the Abyss 1 time.
You also visited: Ossuary and Gauntlet.

You collected 5293 gold pieces.
You spent 981 gold pieces at shops.

Inventory:

Hand Weapons
 s - a +0 broad axe
   (You found it in a Gauntlet)
 P - a +4 war axe of electrocution (weapon)
   (You took it off a naga warrior on level 4 of the Snake Pit)
Armour
 j - a +0 cloak (worn)
   (You found it on level 12 of the Dungeon)
 E - the +8 plate armour of the Mind (worn) {rN+ MR+ Str+2 Slay+2}
   (You found it on level 13 of the Dungeon)

   It affects your strength (+2).
   It affects your accuracy and damage with ranged weapons and melee attacks
   (+2).
   It protects you from negative energy.
   It affects your resistance to hostile enchantments.
 G - a +0 kite shield (worn)
 L - a +0 chain mail
   (You found it on level 4 of the Dungeon)
 N - the +4 pair of gloves of Honesty (worn) {MR+}
   (You found it on level 3 of the Lair of Beasts)

   It affects your resistance to hostile enchantments.
 Q - a +2 pair of boots (worn)
   (You found it on level 5 of the Depths)
Jewellery
 o - a ring of poison resistance (right hand)
   (You found it on level 7 of the Dungeon)
 v - a +4 ring of evasion (left hand)
   (You found it on level 4 of the Swamp)
 A - an amulet of the acrobat (around neck)
   (You found it in an ossuary)
Wands
 a - a wand of acid (9)
   (You found it on level 1 of the Lair of Beasts)
 m - a wand of iceblast (8)
   (You found it on level 8 of the Dungeon)
 J - a wand of paralysis (15)
   (You found it on level 1 of the Lair of Beasts)
 K - a wand of digging (3)
   (You took it off Sonja on level 4 of the Lair of Beasts)
Scrolls
 f - 2 scrolls of enchant weapon
 g - 2 scrolls of immolation
 l - 4 scrolls of fog
 t - 2 scrolls of teleportation
 u - 3 scrolls of magic mapping
 x - 16 scrolls of remove curse
 y - 2 scrolls of fear
 z - a scroll of blinking
 O - a scroll of vulnerability
Potions
 b - 4 potions of mutation
 d - 7 potions of might
 h - a potion of haste
 i - 5 potions of flight
 p - a potion of invisibility
 q - 12 potions of curing
 w - 7 potions of heal wounds
 B - 6 potions of ambrosia
 D - 4 potions of magic
 H - a potion of berserk rage
 M - 2 potions of lignification
Miscellaneous
 C - a tin of tremorstones (3/3)
   (You found it on level 3 of the Lair of Beasts)
 F - a condenser vane (2/2)
   (You found it in a Gauntlet)


   Skills:
 * Level 19.1 Fighting
 - Level 18.0 Axes
 + Level 16.4 Armour
 - Level 11.0 Dodging
 + Level 16.4 Shields
 - Level 15.0 Invocations
 - Level 10.0 Evocations


You had 19 spell levels left.
You didn't know any spells.
Your spell library was empty.

Dungeon Overview and Level Annotations

Branches:
Dungeon (15/15)            Temple (1/1) D:6            Lair (4/6) D:8
  Swamp (4/4) Lair:2        Snake (4/4) Lair:4          Orc (2/2) D:11
    Elf (0/3) Orc:2        Vaults (0/5) D:13         Depths (5/5) D:15
    Zot (5/5) Depths:5    Ossuary (visited)         Gauntlet (visited)

Altars:
Ashenzari
Cheibriados
Dithmenos
Elyvilon
Fedhas
Gozag
Hepliaklqana
Kikubaaqudgha
Makhleb
Nemelex Xobeh
Okawaru
Qazlal
Ru
Sif Muna
Trog
Uskayaw
Wu Jian
Xom
Yredelemnul
Zin
The Shining One
Beogh

Shops:
D:8 *   Orc:2 **[*

Portals:
Hell: Depths:1 Depths:5
Abyss: Depths:4

Annotations:
D:5 3 runed translucent doors, PanSaczeczos's ghost, amateur TrAK
D:6 exclusion: 2 goblins
D:7 1 exclusion
D:14 1 runed translucent door, imnewhereh's ghost, journeyman MiFi
Orc:2 2 transporters, p0werm0de's ghost, journeyman MiFi
Depths:1 exclusion: orange crystal statue


Innate Abilities, Weirdness & Mutations

You are resistant to damage.
You can heal yourself by infusing magical energy.
You resist negative energy. (rN+)
You passively map a large area around you.
You do not regenerate.
You tend to lose your temper in combat.
Scrolls take you longer to read.
Your body sometimes deteriorates upon taking damage.
You are frail. (-10% HP)
You frequently scream uncontrollably at your foes.


Message History

A storm dragon comes into view.
The Killer Klown does a flip.
The Killer Klown blinks!
The electric golem closely misses you.
You block the electric golem's attack. x2
The electric golem hits you but does no damage.
The Orb Guardian misses you. The ancient lich touches you!
The Killer Klown blinks!
The golden dragon breathes cold at you. The bolt of cold misses you.
The bolt of cold hits the ancient lich.
The ancient lich resists.
A storm dragon comes into view.
The orb of fire emits a lurid red light.
The fireball explodes!
The fireball engulfs you!!!!
* * * LOW HITPOINT WARNING * * *
The Killer Klown blinks! x2
Unknown command.
An Orb Guardian comes into view.
The orb of fire emits a lurid red light.
The fireball explodes!
The fireball engulfs you!!!
You die...

**▓▓▓▓▓▓▓▓▓▓▓▓▓
****..^..........▓▓▓▓
***,,,................▓▓
**^,,,,.................▓▓ *
*,,,,,,........§.§p......▓
***,,,,,,..................▓
,**,,,,,,........LX.......▓▓
,,*,,,,,,......*..8Xp..^.▓▓
,,,,,,,,,X....p.@.XD....▓▓
,,*,,,,,,.p......^...p...▓*
,**,,,,,,.................▓*
***,,,^,,....§.....y.^.....▓
* *,,,,,,.......§.D.......^▓
**,,,,,....^......D.....▓▓
***^,,................**
****^..............**
**************,,,,,**


You could see an orb of fire, 5 Killer Klowns, an electric golem, a golden
dragon (catching breath), an ancient lich, 2 storm dragons, 4 Orb Guardians and
a moth of wrath.

Vanquished Creatures
  An orb of fire (Zot:5)
  Mara (Depths:4)
  3 juggernauts
  Bai Suzhen (Snake:3)
  Saint Roka (Orc:2)
  5 golden dragons
  A bone dragon (Abyss:3)
  An electric golem (Zot:1)
  A lich (Abyss:3)
  7 tentacled monstrosities
  6 Orb Guardians (Zot:5)
  A titan (Depths:4)
  6 quicksilver dragons
  A sphinx (Depths:5)
  4 thorn hunters (Swamp:4)
  A death cob (Zot:1)
  A tengu reaver (Depths:1)
  A shadow dragon (Depths:4)
  A storm dragon (Zot:1)
  6 nagarajas (Snake:4)
  3 frost giants (Depths:4)
  An orc warlord (Orc:1)
  2 iron dragons
  A balrug (Depths:4)
  Aizul (Depths:2)
  2 fire giants
  A ghost moth (Zot:5)
  An angel (Abyss:3)
  2 draconian shifters (Depths:5)
  A deep elf elementalist (Depths:4)
  7 stone giants
  A spriggan defender (Depths:4)
  3 ophanim
  3 green draconians
  2 grey draconians (Depths:5)
  11 very ugly things
  A black draconian (Zot:2)
  2 vampire knights (Depths:2)
  2 purple draconians (Depths:5)
  A minotaur (Gauntlet)
  A spark wasp (Depths:4)
  A yellow draconian (Zot:1)
  2 red draconians (Depths:5)
  5 ettins
  12 fire dragons
  3 yaktaur captains
  Josephine (D:12)
  3 ogre magi (Depths:2)
  3 great orbs of eyes
  21 hydras
  A rakshasa (Depths:4)
  2 vault guards (D:13)
  9 ice dragons
  13 naga warriors
  3 shambling mangroves
  4 spriggan air magi
  16 two-headed ogres
  A death knight (D:15)
  6 anacondas
  4 ghost crabs
  2 dancing weapons (Abyss:3)
  3 death yaks (Gauntlet)
  6 centaur warriors
  2 tengu warriors
  3 deep troll shamans
  9 alligators
  5 deep troll earth magi (Depths:5)
  A vampire mage (Depths:1)
  3 thrashing horrors
  4 shock serpents
  2 sun demons
  8 spriggan berserkers
  Sonja (Lair:4)
  7 naga sharpshooters (Snake:4)
  A deep elf knight (D:15)
  An iron troll (Depths:4)
  6 spriggans
  2 wretched stars (Abyss:3)
  A salamander mystic (Snake:3)
  4 sea snakes (Snake:3)
  3 glowing orange brains
  2 cherubim (Abyss:3)
  5 deep trolls
  2 unseen horrors
  2 spriggan druids (Swamp:4)
  A wizard (D:14)
  7 naga ritualists
  10 swamp dragons
  A sphinx zombie (Depths:4)
  A necromancer (Depths:4)
  3 mana vipers
  Pikel (D:6)
  3 orc knights (Orc:2)
  A shining eye (Gauntlet)
  15 ugly things
  5 deep elf magi (D:15)
  4 orc sorcerers
  An iron dragon zombie (Depths:4)
  2 cyclopes
  A manticore (D:11)
  3 moths of wrath
  4 salamanders
  A fire giant zombie (Depths:4)
  15 black mambas
  2 guardian serpents (Snake:4)
  A black mamba (shapeshifter) (Depths:2)
  A dire elephant zombie (Abyss:3)
  An apocalypse crab (Abyss:3)
  A spriggan zombie (Depths:4)
  23 naga magi
  An orange demon (Abyss:1)
  A torpor snail (Gauntlet)
  2 gargoyles
  An efreet (Abyss:3)
  2 rime drakes
  8 cane toads
  3 ancient zymes
  8 yaktaurs
  3 kobold demonologists
  2 komodo dragons
  A tengu conjurer (Depths:4)
  A polar bear (Lair:2)
  A queen bee (D:11)
  8 trolls
  6 tyrant leeches
  3 meliai (D:14)
  A meliai (shapeshifter) (D:15)
  14 hornets
  Grinder (D:5)
  8 bog bodies
  13 raiju
  9 slime creatures
  A dream sheep (shapeshifter) (Depths:4)
  3 blink frogs (Lair:1)
  9 hippogriffs
  A centaur simulacrum (D:15)
  4 water elementals
  A tarantella (shapeshifter) (D:15)
  20 yaks
  11 wraiths
  8 wyverns
  A basilisk (D:8)
  A vampire (D:13)
  7 humans (D:13)
  A golden eye (Gauntlet)
  A steam dragon (D:11)
  2 neqoxecs (Abyss:3)
  Grum (D:9)
  17 vampire mosquitoes
  A chaos spawn (Abyss:3)
  37 nagas
  A swamp worm (shapeshifter) (Depths:5)
  6 insubstantial wisps (Swamp:3)
  3 large abominations
  9 swamp worms
  6 wargs
  An acid dragon (D:14)
  Duvessa (D:6)
  12 water moccasins
  A floating eye (Gauntlet)
  50 orc warriors
  A hornet zombie (D:12)
  5 porcupines
  5 sky beasts
  8 swamp drakes
  8 starcursed masses (Abyss:3)
  5 phantoms
  2 black bears
  5 ice beasts
  16 ogres
  A snapping turtle zombie (Abyss:1)
  A necrophage (D:12)
  15 crocodiles
  A lemure (D:6)
  10 centaurs
  3 wolves (D:9)
  4 big kobolds
  15 bullfrogs
  Dowan (D:6)
  10 scorpions
  43 killer bees
  13 wights
  13 howler monkeys
  6 electric eels (D:14)
  7 small abominations
  4 centaur zombies
  2 quasits
  An iron imp (Abyss:3)
  A bullfrog zombie (D:10)
  8 hounds
  3 bullfrog skeletons
  4 jellies
  4 centaur skeletons
  A gnoll shaman (D:7)
  25 orc priests
  5 iguanas
  23 orc wizards
  10 worker ants
  3 big kobold zombies (Ossuary)
  A hound zombie (D:5)
  2 hound skeletons
  3 mummies (Ossuary)
  A worker ant zombie (D:11)
  A howler monkey zombie (D:7)
  A howler monkey skeleton (D:6)
  10 gnolls
  19 adders
  4 scorpion zombies (Ossuary)
  3 shadow imps
  A white imp (D:8)
  An ufetubus (Abyss:1)
  2 adder skeletons
  An adder zombie (D:6)
  3 worms
  9 leopard geckos
  96 orcs
  2 bats
  A giant cockroach (D:3)
  2 goblins
  3 hobgoblins
  10 jackals
  2 quokkas
  A ball python (Lair:4)
  A frilled lizard (D:4)
  4 gnoll zombies (Ossuary)
  A jackal skeleton (D:4)
  13 kobolds
  A kobold zombie (Ossuary)
  2 orc zombies (Ossuary)
  A quokka skeleton (D:4)
  A rat (D:3)
  6 briar patches (Swamp:4)
1217 creatures vanquished.

Vanquished Creatures (collateral kills)
  A nagaraja (Snake:4)
  A vault guard (D:13)
  2 hydras
  A naga sharpshooter (Snake:4)
  A deep elf mage (D:14)
  2 humans (D:13)
  An electric eel (D:14)
  An orc (D:14)
10 creatures vanquished.

Vanquished Creatures (others)
  2 hydras (Swamp:4)
  A naga sharpshooter (Snake:4)
  A swamp dragon (Swamp:4)
  A swamp worm (Swamp:4)
  A naga (Snake:4)
  An orc warrior (Orc:1)
  A swamp drake (Swamp:4)
  3 briar patches (Swamp:4)
  2 bushes (D:8)
  A demonic plant (Gauntlet)
  18 fungi
  134 plants
166 creatures vanquished.

Grand Total: 1393 creatures vanquished

Notes
Turn   | Place    | Note
-------+----------+-------------------------------------------
     0 | D:1      | Flugslaktarn the Deep Dwarf Fighter began the quest for the
                  | Orb.
     0 | D:1      | Reached XP level 1. HP: 20/20 MP: 1/1
   107 | D:2      | Reached XP level 2. HP: 24/27 MP: 2/2
   176 | D:2      | Reached skill level 3 in Fighting
   339 | D:3      | Reached XP level 3. HP: 30/34 MP: 3/3
   447 | D:3      | Reached XP level 4. HP: 31/42 MP: 4/4
   567 | D:3      | Found a bloodstained altar of Trog.
   678 | D:4      | Reached XP level 5. HP: 36/50 MP: 5/5
   724 | D:5      | Entered Level 5 of the Dungeon
   724 | D:5      | Noticed Grinder
   740 | D:5      | Paralysed by Grinder for 7 turns
   772 | D:5      | Killed Grinder
   772 | D:5      | Reached skill level 4 in Fighting
   772 | D:5      | Reached XP level 6. HP: 38/58 MP: 4/4
   805 | D:5      | Found a runed translucent gate.
   805 | D:5      | Found a runed translucent gate.
   805 | D:5      | Found a runed translucent gate.
   811 | D:5      | Reached skill level 5 in Axes
   838 | D:5      | Reached XP level 7. HP: 39/66 MP: 5/5
  1059 | D:4      | Reached skill level 5 in Fighting
  1519 | D:5      | Reached skill level 5 in Shields
  1524 | D:5      | Reached skill level 5 in Armour
  1742 | D:5      | Reached XP level 8. HP: 39/75 MP: 6/6
  1921 | D:5      | Noticed PanSaczeczos's ghost (amateur TrAK)
  2014 | D:6      | Found a staircase to the Ecumenical Temple.
  2084 | Temple   | Entered the Ecumenical Temple
  2235 | Temple   | Became a worshipper of Makhleb the Destroyer
  2275 | D:6      | Found an iron altar of Okawaru.
  2446 | D:6      | Reached skill level 6 in Fighting
  2446 | D:6      | Reached skill level 1 in Invocations
  2532 | D:6      | Noticed Pikel
  2532 | D:6      | Noticed Dowan
  2535 | D:6      | Noticed Duvessa
  2550 | D:6      | Killed Dowan
  2551 | D:6      | Killed Pikel
  2557 | D:6      | Killed Duvessa
  2781 | D:6      | Gained mutation: You passively map the area around you.
                  | [Deep Dwarf growth]
  2781 | D:6      | Reached XP level 9. HP: 40/85 MP: 9/9
  2883 | D:6      | Found a hide-covered altar of Uskayaw.
  3466 | D:7      | Reached skill level 7 in Fighting
  3539 | D:7      | Reached * piety under Makhleb
  4356 | D:8      | Reached ** piety under Makhleb
  4363 | D:8      | Found a sand-covered staircase.
  4369 | D:8      | Found Puhonur's Assorted Antiques.
  4381 | D:8      | Reached skill level 5 in Invocations
  4393 | Ossuary  | Entered an ossuary
  4407 | Ossuary  | Reached XP level 10. HP: 94/96 MP: 9/9
  4501 | Ossuary  | Reached skill level 8 in Fighting
  4643 | Ossuary  | Reached *** piety under Makhleb
  4706 | D:8      | Bought a scroll labeled GUIDER COTHURPH for 26 gold pieces
  4706 | D:8      | Bought a scroll labeled MABIXU ZUECHA for 26 gold pieces
  4706 | D:8      | Bought a scroll labeled GUIDER COTHURPH for 26 gold pieces
  4706 | D:8      | Bought a scroll labeled MICZUNAMYKK for 26 gold pieces
  4706 | D:8      | Bought a scroll labeled GUIDER COTHURPH for 26 gold pieces
  4706 | D:8      | Bought a scroll labeled KUOCIB JI JES for 26 gold pieces
  4706 | D:8      | Bought 2 pink potions for 46 gold pieces
  4706 | D:8      | Bought a white potion for 23 gold pieces
  5046 | D:8      | Found a staircase to the Lair.
  5084 | D:8      | Reached skill level 10 in Axes
  5631 | D:9      | Reached skill level 1 in Evocations
  5641 | D:9      | Reached skill level 9 in Fighting
  5645 | D:9      | Reached **** piety under Makhleb
  5691 | D:9      | Noticed Grum
  5697 | D:9      | Reached XP level 11. HP: 106/106 MP: 10/12
  5710 | D:9      | Killed Grum
  5773 | D:9      | Found an ancient bone altar of Kikubaaqudgha.
  5956 | D:10     | Entered Level 10 of the Dungeon
  6287 | D:10     | Killed an unseen horror
  6334 | D:10     | Noticed a two-headed ogre
  6346 | D:10     | Killed a two-headed ogre
  6763 | D:10     | Reached ***** piety under Makhleb
  6820 | D:11     | Noticed a sixfirhy
  7022 | D:11     | Found a roughly hewn altar of Beogh.
  7099 | D:11     | Reached skill level 10 in Fighting
  7170 | D:11     | Found a staircase to the Orcish Mines.
  7259 | D:11     | Found Wuggesepa's Armour Emporium.
  7411 | D:11     | Reached XP level 12. HP: 103/116 MP: 13/13
  7465 | D:11     | Reached skill level 5 in Evocations
  7767 | D:12     | Reached ****** piety under Makhleb
  7773 | D:12     | Noticed Josephine
  7796 | D:12     | Killed Josephine
  8442 | D:13     | Noticed a centaur warrior
  8461 | D:13     | Killed a centaur warrior
  8620 | D:13     | Noticed a tengu warrior
  8647 | D:13     | Killed a tengu warrior
  8664 | D:13     | Noticed a seven-headed hydra
  8674 | D:13     | Killed an eight-headed hydra
  8700 | D:13     | Found a basalt altar of Yredelemnul.
  8713 | D:13     | Noticed a vault guard
  8713 | D:13     | Noticed a vault guard
  8732 | D:13     | Killed a vault guard
  8733 | D:13     | Reached skill level 11 in Fighting
  8737 | D:13     | Killed a vault guard
  9050 | D:13     | Noticed a vault guard
  9067 | D:13     | Killed a vault guard
  9077 | D:13     | Found a gate to the Vaults.
  9093 | D:13     | Noticed a two-headed ogre
  9102 | D:13     | Killed a two-headed ogre
  9108 | D:13     | Got an amethyst-studded plate armour
  9119 | D:13     | Identified the +8 plate armour of the Mind {rN+ MR+ Str+2
                  | Slay+2} (You found it on level 13 of the Dungeon)
  9326 | D:14     | Reached XP level 13. HP: 77/127 MP: 12/12
  9493 | D:14     | Noticed a fire dragon
  9514 | D:14     | Killed a fire dragon
  9837 | D:14     | Found a runed translucent door.
  9839 | D:14     | Noticed imnewhereh's ghost (journeyman MiFi)
  9839 | D:14     | Identified the +9 trident of Uxaqic {holy, Str+3}
  9896 | D:14     | Reached skill level 10 in Invocations
 10067 | D:14     | Reached skill level 10 in Armour
 10067 | D:14     | Reached skill level 10 in Shields
 10475 | D:15     | Entered Level 15 of the Dungeon
 10516 | D:15     | Found a staircase to the Depths.
 10516 | D:15     | Noticed a fire giant
 10969 | Lair:1   | Entered Level 1 of the Lair of Beasts
 11207 | Lair:1   | Found a gate leading to a gauntlet.
 11223 | Gauntlet | Entered a Gauntlet
 11223 | Gauntlet | Found a transporter.
 11223 | Gauntlet | Found a transporter.
 11235 | Gauntlet | Found a transporter.
 11253 | Gauntlet | Found a transporter.
 11253 | Gauntlet | Found a transporter.
 11255 | Gauntlet | Found a transporter.
 11256 | Gauntlet | Found a transporter.
 11266 | Gauntlet | Found a transporter.
 11282 | Gauntlet | Found a transporter.
 11292 | Gauntlet | Found a transporter.
 11297 | Gauntlet | Found a transporter.
 11331 | Gauntlet | Found a transporter.
 11331 | Gauntlet | Found a transporter.
 11332 | Gauntlet | Found a runed translucent door.
 11345 | Gauntlet | Found a transporter.
 11384 | Gauntlet | Gained mutation: Your body sometimes deteriorates upon
                  | taking damage. [a shining eye]
 11514 | Gauntlet | Got a pair of jewelled gloves
 11533 | Gauntlet | Identified the +2 pair of gloves of Uffuqouf {Str+2} (You
                  | found it in a Gauntlet)
 11578 | Gauntlet | Identified the +4 chain mail of Cheibriados {Regen+ SInv}
 11578 | Gauntlet | Noticed a minotaur
 11614 | Gauntlet | Killed a minotaur
 11614 | Gauntlet | Reached skill level 12 in Fighting
 12621 | Lair:2   | Gained mutation: You resist negative energy. (rN+) [Deep
                  | Dwarf growth]
 12621 | Lair:2   | Reached XP level 14. HP: 138/138 MP: 9/9
 12755 | Lair:2   | Found a staircase to the Swamp.
 13128 | Lair:3   | You fall into a shaft and drop 1 floor!
 13194 | Lair:4   | Noticed Sonja
 13208 | Lair:4   | Killed Sonja
 13495 | Lair:4   | Found a staircase to the Snake Pit.
 13773 | Lair:3   | Got a pair of encrusted gloves
 13774 | Lair:3   | Identified the +4 pair of gloves of Honesty {MR+} (You
                  | found it on level 3 of the Lair of Beasts)
 14756 | Orc:1    | Entered Level 1 of the Orcish Mines
 14756 | Orc:1    | Noticed an orc warlord
 14780 | Orc:1    | Killed an orc warlord
 14780 | Orc:1    | Reached skill level 1 in Dodging
 15017 | Orc:2    | Entered Level 2 of the Orcish Mines
 15114 | Orc:2    | Found Ziadi's Armour Emporium.
 15114 | Orc:2    | Found Ehogumiv's Assorted Antiques.
 15116 | Orc:2    | Found Xovopn's General Store.
 15118 | Orc:2    | Found Feuj Dukh's General Store.
 15338 | Orc:2    | Found a staircase to the Elven Halls.
 15369 | Orc:2    | Found a transporter.
 15370 | Orc:2    | Identified the +1 morningstar "Uplist" {vorpal, Dex+3}
 15372 | Orc:2    | Found a transporter.
 15373 | Orc:2    | Noticed p0werm0de's ghost (journeyman MiFi)
 15416 | Orc:2    | Identified the +10 great sword of Com Qerph {antimagic, rN+
                  | Dex+3}
 15416 | Orc:2    | Noticed an orc warlord
 15457 | Orc:2    | Found a roughly hewn altar of Beogh.
 15564 | Orc:2    | Found a bloodstained altar of Trog.
 15610 | Orc:2    | Noticed Saint Roka
 15615 | Orc:2    | Noticed a stone giant
 15634 | Orc:2    | Killed a stone giant
 15649 | Orc:2    | Killed Saint Roka
 15911 | Orc:2    | Bought a potion of mutation for 216 gold pieces
 15911 | Orc:2    | Bought a potion of haste for 270 gold pieces
 15911 | Orc:2    | Bought a potion of haste for 270 gold pieces
 16399 | Swamp:1  | Entered Level 1 of the Swamp
 16543 | Swamp:2  | Reached skill level 13 in Fighting
 16573 | Swamp:2  | Reached XP level 15. HP: 127/147 MP: 8/8
 16718 | Swamp:2  | Reached skill level 10 in Evocations
 16837 | Swamp:3  | Reached skill level 15 in Axes
 17030 | Swamp:3  | Identified a scroll of acquirement
 17031 | Swamp:3  | Acquired 2450 gold pieces
 17327 | Swamp:4  | Entered Level 4 of the Swamp
 17327 | Swamp:4  | Noticed a thorn hunter
 17351 | Swamp:4  | Killed a thorn hunter
 17438 | Swamp:4  | Noticed a thorn hunter
 17456 | Swamp:4  | Killed a thorn hunter
 17827 | Swamp:4  | Noticed a thorn hunter
 17862 | Swamp:4  | Killed a thorn hunter
 17891 | Swamp:4  | Reached skill level 5 in Dodging
 18149 | Swamp:4  | Noticed a thorn hunter
 18159 | Swamp:4  | Killed a thorn hunter
 18238 | Swamp:4  | Reached XP level 16. HP: 158/158 MP: 10/10
 18294 | Swamp:4  | Got a decaying rune of Zot
 18613 | Snake:1  | Entered Level 1 of the Snake Pit
 18769 | Snake:3  | Reached skill level 14 in Fighting
 18798 | Snake:3  | Noticed Bai Suzhen
 18834 | Snake:3  | Killed Bai Suzhen
 19015 | Snake:4  | Entered Level 4 of the Snake Pit
 19374 | Snake:4  | Reached XP level 17. HP: 168/168 MP: 9/9
 19595 | Snake:4  | Reached skill level 15 in Fighting
 19645 | Snake:4  | Got a serpentine rune of Zot
 20666 | Depths:1 | Entered Level 1 of the Depths
 20666 | Depths:1 | Found a gateway to Hell.
 20965 | Depths:2 | Noticed Aizul
 20968 | Depths:2 | Found a shattered altar of Ashenzari.
 21000 | Depths:2 | Killed Aizul
 21099 | Depths:4 | Found a one-way gate to the infinite horrors of the Abyss.
 21099 | Depths:4 | Noticed Mara
 21110 | Depths:4 | Gained mutation: You passively map a large area around you.
                  | [Deep Dwarf growth]
 21110 | Depths:4 | Reached XP level 18. HP: 178/178 MP: 8/8
 21122 | Depths:4 | Noticed Flugslaktarn's illusion
 21153 | Depths:4 | Noticed Flugslaktarn's illusion
 21155 | Depths:4 | Killed Mara
 21165 | Depths:4 | Noticed a tentacled monstrosity
 21175 | Depths:4 | Reached skill level 16 in Fighting
 21183 | Depths:4 | Killed a tentacled monstrosity
 21183 | Depths:4 | Reached skill level 15 in Invocations
 21258 | Depths:4 | Voluntarily entered the Abyss.
 21545 | Abyss:3  | Found a corrupted altar of Lugonu.
 21667 | Abyss:3  | Noticed a lich
 21690 | Abyss:3  | Killed a lich
 21709 | Abyss:3  | Reached skill level 10 in Dodging
 21750 | Abyss:3  | Noticed a bone dragon
 21777 | Abyss:3  | Killed a bone dragon
 21886 | Abyss:3  | Noticed a bone dragon
 21891 | Abyss:3  | Found a hazy altar of Hepliaklqana.
 22057 | Abyss:3  | Found a glowing golden altar of the Shining One.
 22061 | Abyss:3  | Noticed a juggernaut
 22083 | Abyss:3  | Killed a juggernaut
 22083 | Abyss:3  | Reached XP level 19. HP: 154/190 MP: 10/10
 22120 | Abyss:3  | Got an abyssal rune of Zot
 22160 | Depths:4 | Escaped the Abyss
 22292 | Depths:4 | Noticed a juggernaut
 22326 | Depths:4 | Noticed a juggernaut
 22335 | Depths:4 | Killed a juggernaut
 22337 | Depths:4 | Reached skill level 17 in Fighting
 22351 | Depths:4 | Killed a juggernaut
 22357 | Depths:4 | Noticed a golden dragon
 22364 | Depths:4 | Killed a golden dragon
 22627 | Depths:4 | Found a blossoming altar of Fedhas.
 22687 | Depths:5 | Entered Level 5 of the Depths
 22730 | Depths:5 | Reached skill level 15 in Armour
 22774 | Depths:5 | Reached skill level 15 in Shields
 23229 | Depths:5 | Reached skill level 18 in Fighting
 23267 | Depths:5 | Reached XP level 20. HP: 156/204 MP: 9/9
 23280 | Depths:5 | Got a smoking amber ring
 23281 | Depths:5 | Identified the ring of Isemuup {*Tele rElec rPois rF- MP+9}
                  | (You found it on level 5 of the Depths)
 23336 | Depths:5 | Noticed a golden dragon
 23362 | Depths:5 | Killed a golden dragon
 23369 | Depths:5 | Found a gate to the Realm of Zot.
 23375 | Zot:1    | Entered Level 1 of the Realm of Zot
 23426 | Zot:1    | Noticed a golden dragon
 23448 | Zot:1    | Killed a golden dragon
 23481 | Zot:1    | Noticed a golden dragon
 23507 | Zot:1    | Killed a golden dragon
 23663 | Zot:5    | Entered Level 5 of the Realm of Zot
 23681 | Zot:5    | Noticed a golden dragon
 23682 | Zot:5    | Noticed an orb of fire
 23687 | Zot:5    | Gained mutation: You occasionally shout uncontrollably at
                  | your foes. [an orb of fire]
 23693 | Zot:5    | Gained mutation: You tend to lose your temper in combat.
                  | [an orb of fire]
 23695 | Zot:5    | Gained mutation: You sometimes yell uncontrollably at your
                  | foes. [an orb of fire]
 23697 | Zot:5    | Gained mutation: You are frail. (-10% HP) [an orb of fire]
 23706 | Zot:5    | Killed a golden dragon
 23709 | Zot:5    | Gained mutation: You frequently scream uncontrollably at
                  | your foes. [an orb of fire]
 23711 | Zot:5    | Gained mutation: Scrolls take you a little longer to read.
                  | [an orb of fire]
 23722 | Zot:5    | Lost mutation: Your body sometimes deteriorates upon taking
                  | damage. [an orb of fire]
 23725 | Zot:5    | Killed an orb of fire
 23725 | Zot:5    | Reached skill level 19 in Fighting
 23768 | Zot:5    | Noticed an ancient lich
 23769 | Zot:5    | Noticed a Killer Klown
 23769 | Zot:5    | Noticed a Killer Klown
 23769 | Zot:5    | Noticed a Killer Klown
 23769 | Zot:5    | Noticed an orb of fire
 23769 | Zot:5    | Noticed a curse toe
 23771 | Zot:5    | Gained mutation: Your body sometimes deteriorates upon
                  | taking damage. [an orb of fire]
 23774 | Zot:5    | Noticed a Killer Klown
 23774 | Zot:5    | Noticed a golden dragon
 23775 | Zot:5    | Noticed a Killer Klown
 23776 | Zot:5    | Noticed a Killer Klown
 23776 | Zot:5    | Noticed an ancient lich
 23778 | Zot:5    | Noticed an orb of fire
 23778 | Zot:5    | Gained mutation: Scrolls take you longer to read. [an orb
                  | of fire]
 23780 | Zot:5    | Noticed a Killer Klown
 23780 | Zot:5    | Noticed a Killer Klown
 23783 | Zot:5    | Killed from afar by an orb of fire

Illustrated notes

Levels and vault maps discovered:
D:1:      psy_arrival_wood_between_worlds, layout_basic
D:2:      layout_loops_ring, uniq_jessica
D:3:      layout_rooms, lightli_temple_of_fire, lemuel_round_altar,
          minmay_randomly_rotated_circles
D:4:      layout_basic
D:5:      layout_gridville, ebering_ghost_rock_garden, uniq_grinder
D:6:      layout_layer_cave, marbit_many_paths, minmay_temple_entry_glass,
          kennysheep_okawaru_gauntlet, uniq_duvessa, uniq_pikel
D:7:      layout_gridville, serial_glass, glass_columns_c, glass_columns_c,
          lemuel_mausoleum_altar_kikubaaqudgha
D:8:      layout_basic, minmay_lair_entry_grove, serial_shops, shop,
          enter_ossuary_1, feat_on_display
D:9:      layout_long_grid, nicolae_overflow_hidden_temple, uniq_grum
D:10:     layout_stronghold
D:11:     layout_roguey [special_room_orc], erik_orc_4, serial_shops, shop,
          special_room [special_room_bee]
D:12:     layout_roguey, uniq_josephine
D:13:     layout_cave_pods, ximxim_vaults_locker_room, yredelemnul_altar_generic
D:14:     layout_loops_ring, serial_park_avenue1, ebering_ghost_funeral_grove,
          serial_bayou, serial_bayou_pond_c, serial_bayou_lagoon_b,
          serial_bayou_lagoon_a, serial_bayou_shore_b, serial_bayou_crossing
D:15:     grunt_enter_depths_giant_problem, layout_loops_ring,
          minmay_misc_feat_chi
Temple:   minmay_crystal_spiral_temple
Lair:1:   layout_cave_pods, gauntlet_entry_generic, grunt_megastairs_1
Lair:2:   layout_cave_pods, skrybe_swamp_entry_bodies, minivault_11
Lair:3:   layout_roguey
Lair:4:   layout_small_grid, minmay_snake_entry_six_corridors,
          grunt_megastairs_3, uniq_sonja
Swamp:1:  layout_falls_marsh, evilmike_swamp_ruin_house_3
Swamp:2:  layout_basic_swamp, wheals_swamp_sinkhole
Swamp:3:  layout_basic_swamp, evilmike_swamp_ruin_house_6
Swamp:4:  swamp_basic_johnstein, layout_basic_swamp, swamp_pool1
Snake:1:  layout_misc_corridors, st_stairs_11, nrook_guardian_serpent_ordinary,
          uniq_kirke, uniq_jorgrun
Snake:2:  layout_misc_corridors, uniq_azrael, uniq_nikola
Snake:3:  layout_rooms, serial_bayou, serial_bayou_pond_a, serial_bayou_lake_a,
          serial_bayou_pond_b, serial_bayou_pond_c, gammafunk_ghost_necromancy,
          grunt_ministairs_8, lemuel_fruit_tree, uniq_bai_suzhen
Snake:4:  snake_pit, layout_misc_corridors
Orc:1:    layout_caves
Orc:2:    st_orc_rangers, layout_caves, gammafunk_ghost_wrathful_warriors,
          nicolae_orc_lost_temple, uniq_saint_roka
Depths:1: layout_cave_shapes, kennysheep_decorative_pillar,
          minmay_room_of_horrors, rand_demon_pan_entry_3, hell_entry,
          minivault_16, kennysheep_generic_room_11, uniq_asterion
Depths:2: grunt_deathspiral_large, layout_basic, enter_ziggurat_f,
          serial_sigils, serial_sigils_hangedman_quiver,
          serial_sigils_hangedman_gnaw, serial_sigils_hangedman_confine,
          serial_sigils_hangedman_quiver, serial_sigils_hangedman_gut,
          pan_entry, hell_entry, ashenzari_altar_1, uniq_aizul
Depths:3: kennysheep_big_flooded_room, layout_gridlike,
          nicolae_abyss_entry_one_way_or_another, minmay_door_square,
          hell_entry, rand_demon_pan_entry_9, minmay_statues_item,
          minmay_staircase_statues_hall_small
Depths:4: minmay_the_grid_triangle_9x9_line_8_mashed
          [minmay_the_grid_triangle_9x9_flanged_cone,
          minmay_the_grid_triangle_9x9_pentomino_pain,
          minmay_the_grid_triangle_9x9_shrine,
          minmay_the_grid_triangle_9x9_sprig,
          minmay_the_grid_triangle_9x9_descending_squares,
          minmay_the_grid_triangle_9x9_zippers_horizontal,
          minmay_the_grid_triangle_9x9_thin_v,
          minmay_the_grid_triangle_9x9_prize_special], layout_cave_pools,
          lightli_too_deep, abyss_entry, minmay_strange_pillars,
          minmay_staircase_statues, serial_bayou_shore_b, uniq_mara
Depths:5: evilmike_zot_entry_gauntlet, layout_gridlike, hell_entry
Zot:1:    layout_misc_corridors, gammafunk_ghost_arena, grunt_ministairs_3
Zot:2:    layout_onion, grunt_ministairs_14, not_door_vault_due
Zot:3:    layout_onion_interference, gammafunk_ghost_abyssal_escape,
          grunt_ministairs_4, grunt_megastairs_4
Zot:4:    layout_gridlike
Zot:5:    layout_gridlike, st_stairs_8

Skill      XL: |  1  2  3  4  5  6  7  8  9 10 11 12 13 14 15 16 17 18 19 20 |
---------------+-------------------------------------------------------------+-----
Fighting       | 3 4 5 6 7 9 10 11 12 13 14 15 16 18 19 | 19.1
Axes           | 3 4 5 6 7 9 10 11 12 13 14 15 16 17 18 | 18.0
Shields        | 4 5 6 7 8 9 10 11 12 13 14 15 16 | 16.4
Armour         | 4 5 6 7 8 9 10 11 12 13 14 15 16 | 16.4
Invocations    | 3 5 6 8 9 10 11 12 13 14 15 | 15.0
Evocations     | 1 4 6 8 9 10 | 10.0
Dodging        | 3 5 7 8 10 11 | 11.0

Action                   |  1- 3 |  4- 6 |  7- 9 | 10-12 | 13-15 | 16-18 | 19-21 || total
-------------------------+-------+-------+-------+-------+-------+-------+-------++-------
Melee: War axe           |    40 |    79 |   196 |       |  1256 |  1172 |   658 ||  3401
       Hand axe          |       |       |   212 |   952 |   171 |       |       ||  1335
       Broad axe         |       |       |       |       |    50 |       |       ||    50
Invok: Lesser Servant of |       |       |       |     2 |     3 |     1 |       ||     6
       Greater Servant o |       |       |       |       |       |     1 |       ||     1
 Abil: Heal Wounds       |       |     6 |    10 |    12 |    38 |    14 |    27 ||   107
Evoke: Condenser vane    |       |       |       |       |     2 |     6 |     2 ||    10
       Wand              |       |       |       |       |     4 |     2 |       ||     6
       Tin of tremorston |       |       |       |       |       |     6 |     1 ||     7
  Use: Scroll            |       |       |       |    20 |    10 |     3 |    15 ||    48
       Potion            |       |       |       |       |     1 |       |     7 ||     8
 Stab: Paralysed         |       |       |       |       |     1 |       |       ||     1
       Confused          |       |       |       |       |     2 |       |       ||     2
       Distracted        |       |       |       |       |       |     1 |       ||     1
Armor: Scale mail        |    26 |    18 |       |       |       |       |       ||    44
       Chain mail        |       |    34 |   181 |    26 |       |       |       ||   241
       Plate armour      |       |       |       |   473 |  1033 |   589 |   406 ||  2501
Dodge: Dodged            |    15 |    24 |    83 |   240 |   548 |   452 |   369 ||  1731
Block: Kite shield       |    17 |    39 |   190 |   554 |  1031 |   764 |   466 ||  3061

Table legend: (Time is in decaauts)
 A = Elapsed time spent in this place.
 B = Non-inter-level travel time spent in this place.
 C = Inter-level travel time spent in this place.
 D = Time resting spent in this place.
 E = Time spent auto-exploring this place.
 F = Levels seen in this place.
 G = Mean time per level.
                   A        B        C        D        E       F      G
               +--------+--------+--------+--------+--------+-----+--------+
         Total |  23047 |  20538 |   2509 |    748 |  12827 |  46 |  501.0 |
       Dungeon |  11499 |  10043 |   1456 |    267 |   7089 |  15 |  766.6 |
        Temple |    170 |     86 |     84 |      0 |     84 |   1 |  170.0 |
          Lair |   3467 |   3001 |    466 |      0 |   2554 |   4 |  866.8 |
         Swamp |   2109 |   1954 |    155 |    308 |    863 |   4 |  527.2 |
     Snake Pit |   1019 |    888 |    131 |      0 |    327 |   4 |  254.8 |
  Orcish Mines |   1379 |   1266 |    113 |      0 |    738 |   2 |  689.5 |
        Depths |   1573 |   1507 |     66 |    132 |    497 |   5 |  314.6 |
           Zot |    326 |    291 |     35 |     36 |      0 |   5 |   65.2 |
         Abyss |    812 |    812 |      0 |      5 |    399 |   4 |  203.0 |
       Ossuary |    289 |    289 |      0 |      0 |    137 |   1 |  289.0 |
      Gauntlet |    398 |    398 |      0 |      0 |    137 |   1 |  398.0 |
               +--------+--------+--------+--------+--------+-----+--------+

Top non-repeatable levels by time:
    D:14: 1380 daAuts
     D:6: 1234 daAuts
    D:10: 1108 daAuts
 Swamp:4: 1060 daAuts
  Lair:2: 1002 daAuts
  Lair:1: 960 daAuts
    D:11: 958 daAuts
     D:8: 940 daAuts
   Orc:2: 900 daAuts
    D:13: 899 daAuts
  Lair:4: 848 daAuts
     D:7: 781 daAuts
     D:4: 749 daAuts
     D:9: 730 daAuts
    D:12: 729 daAuts
